Cogmind - Beta 13 @@@ ROGUE MODE // 2024.06.05 @ 00:24:28 Player: wojo Result: Destroyed by D-53 Grenadier with Mini Grenade Launcher Performance ------------- Evolutions (0) 0 Regions Visited (2) 400 Robots Destroyed (23) 115 Value Destroyed (569) 569 Prototype IDs (2) 40 Alien Tech Used (0) 0 Bonus (0) 0 TOTAL SCORE: 1124 Bonus ------- None Cogmind --------- Core Integrity 0/250 Matter 218/300 Energy 100/100 System Corruption 5% Temperature Cool (2) Movement Treading (160) Location -10/Mines Parts ------- > --- POWER (1) -------- (None) > --- PROPULSION (2) --- Light Treads Light Treads > --- UTILITY (2) ------ Targeting Computer > --- WEAPON (2) ------- Light Cannon Makeshift Hammer > --- INVENTORY (5) ---- Improved Heat Sink Targeting Computer Assault Rifle Light Assault Rifle Peak State ------------ > --- POWER ------------ Ion Engine > --- PROPULSION ------- Light Treads Light Treads > --- UTILITY ---------- Small Storage Unit Improved Terrain Scanner > --- WEAPON ----------- Medium Laser Light Cannon > --- INVENTORY -------- Improved Heat Sink Targeting Computer Targeting Computer Beam Cannon Beam Cannon Assault Rifle Light Assault Rifle Grenade Launcher [Rating: 10] Favorites ----------- Power Ion Engine Engine Ion Engine Propulsion Light Treads Treads Light Treads Utility Small Storage Unit Device Structural Scanner Storage Small Storage Unit Processor Targeting Computer Weapon Light Cannon Energy Gun Medium Laser Energy Cannon Beam Cannon Ballistic Gun Assault Rifle Ballistic Cannon Light Cannon Launcher Grenade Launcher Impact Weapon Makeshift Hammer Build | -11 -10 -10 ------- Run | Yrd Mat Min Slots Evolved . | . . . Power . | . . . Propulsion . | . . . Utility . | . . . Weapon . | . . . Parts Attached 20 | 8 8 4 Power 2 | 1 1 . Engine 2 | 1 1 . Core . | . . . Reactor . | . . . Propulsion 4 | 2 2 . Treads 4 | 2 2 . Leg . | . . . Wheel . | . . . Hover . | . . . Flight . | . . . Utility 4 | 2 1 1 Device 2 | 1 1 . Storage 1 | 1 . . Processor 1 | . . 1 Hackware . | . . . Protection . | . . . Artifact . | . . . Weapon 10 | 3 4 3 Energy Gun 2 | 1 1 . Energy Cannon 1 | . 1 . Ballistic Gun 2 | 2 . . Ballistic Cannon 1 | . 1 . Launcher 2 | . 1 1 Special Weapon . | . . . Impact Weapon 2 | . . 2 Slashing Weapon . | . . . Piercing Weapon . | . . . Special Melee Weapon . | . . . Unidentified Prototypes . | . . . Parts Lost 5 | . 2 3 Power 2 | . 1 1 Propulsion . | . . . Utility 1 | . . 1 Weapon 2 | . 1 1 Highest Loss Streak 3 | . 2 3 To Critical Strikes . | . . . Average Slot Usage (%) 98 | . 98 99 Engine 14 | . 14 14 Treads 27 | . 27 28 Device 13 | . 13 14 Storage 11 | . 14 3 Processor 2 | . . 11 Energy Gun 10 | . 10 10 Energy Cannon 1 | . 2 . Ballistic Gun 3 | . 4 . Ballistic Cannon 11 | . 10 14 Naked Turns . | . . . Heaviest Build 16 | 12 16 16 Greatest Support 40 | 40 40 40 Greatest Overweight (x) 1 | 1 . . Average Overweight (x) . | . . . Largest Inventory Capacity 8 | 8 8 8 Average Capacity 7 | 7 8 5 Most Carried 8 | 2 8 8 Average Carried 6 | 1 6 5 Final Capacity 8 | 8 8 5 Final Carried 8 | 2 8 4 Class Distribution -------------------- 100% | Mutant Dominant Class ---------------- Mutant | -10/Materials Mutant | -10/Mines Resources | -11 -10 -10 ----------- Run | Yrd Mat Min Matter Collected 591 | 239 254 98 Remotely . | . . . Salvage Created 653 | 28 555 70 Parts 47 | 2 39 6 Haulers Intercepted 1 | . 1 . Recyclers Shooed . | . . . Parts Field Recycled . | . . . Retrieved Matter . | . . . Parts Self-Destructed . | . . . Prevented . | . . . Kills | -11 -10 -10 ------- Run | Yrd Mat Min Combat Hostiles Destroyed 20 | . 15 5 Guns 8 | . 5 3 Cannons 11 | . 10 1 AOE 1 | . . 1 Classes Destroyed 6 | 1 4 1 Tunneler 1 | 1 . . Hauler 1 | . 1 . Operator 2 | . 2 . Swarmer 6 | . 3 3 Grunt 13 | . 12 1 Assembled 1 | . . 1 Best Kill Streak 6 | 1 6 2 Combat Bots Only 3 | . 3 2 Max Kills in Single Turn 1 | 1 1 1 Gunslinging . | . . . Exploded 1 | . . 1 Melee . | . . . Uniques/NPCs Destroyed . | . . . Combat | -11 -10 -10 -------- Run | Yrd Mat Min Hostile Shots Fired 112 | . 75 37 Missed 29 | . 20 9 Damage Taken 1184 | . 642 542 Core 255 | . 125 130 Absorbed by Shields . | . . . Regen/Repaired (Parts) 221 | . 221 . Core Remaining (%) 100 | 100 . . Volleys Fired 65 | 2 49 14 Largest 2 | 2 2 2 Hottest 85 | 40 85 85 Shots Fired 119 | 4 86 29 Gun 61 | 4 44 13 Cannon 56 | . 42 14 Launcher 2 | . . 2 Special . | . . . Kinetic 62 | 4 44 14 Thermal 55 | . 42 13 Explosive 2 | . . 2 Electromagnetic . | . . . Robot Hit Streak 9 | 3 9 3 Robot Miss Streak 5 | . 5 4 Penetration Max . | . . . Secondary Targets . | . . . Shots Hit Robots 63 | 3 47 13 Core Hits 37 | 1 25 11 Critical Kills . | . . . Critical Parts Destroyed 1 | . 1 . Critical Strikes 2 | . 2 . Burn 1 | . 1 . Destroy 1 | . 1 . Melee Attacks . | . . . Impact . | . . . Slashing . | . . . Piercing . | . . . Sneak Attacks . | . . . Combat Hostiles . | . . . Follow-up Attacks . | . . . Damage Inflicted 1102 | 28 798 276 Guns 405 | 28 290 87 Cannons 575 | . 488 87 Explosions 102 | . . 102 Melee . | . . . Ramming 20 | . 20 . Kinetic 550 | 28 435 87 Thermal 430 | . 343 87 Explosive 102 | . . 102 Electromagnetic . | . . . Impact . | . . . Slashing . | . . . Piercing . | . . . Highest Corruption 5 | . 5 5 Average Corruption 4 | . 4 5 Corruption Purged . | . . . Corruption Blocked . | . . . Effects 20 | . 12 8 Message Errors 3 | . 1 2 Matter Fused 9 | . 6 3 Heat Flow Errors 4 | . 3 1 Data Loss (minor) 2 | . 1 1 Data Loss (major) 1 | . 1 . Misfires 1 | . . 1 Overload Shots . | . . . Overflow Damage 10 | . 10 . Projectiles 10 | . 10 . Explosions . | . . . Melee . | . . . Knockbacks 3 | . 2 1 Impact . | . . . Kinetic 3 | . 2 1 Secondary . | . . . Self-Inflicted Damage 25 | . . 25 Shots 1 | . . 1 Rammed 4 | . 4 . Targets Rammed 4 | . 4 . Kicked . | . . . Crushed . | . . . Highest Temperature 251 | . 251 182 Average Temperature 81 | . 88 59 Received Heat Transfer 488 | . 324 164 Effects 4 | . 4 . Energy Bleed 1 | . 1 . Interference 3 | . 3 . Siege Activations . | . . . Robots Corrupted . | . . . Combat Hostiles . | . . . Parts Fried . | . . . Impact Corruptions . | . . . Robots Melted . | . . . Combat Hostiles . | . . . Parts Melted 3 | . 3 . Heat Transferred 1147 | . 888 259 Parts Sabotaged . | . . . Parts Stolen . | . . . Parts Stripped . | . . . Power Chain Reactions . | . . . Alert | -11 -10 -10 ------- Run | Yrd Mat Min Peak Influence 313 | 5 313 277 Initial 118 | . 3 118 Average 189 | 2 204 212 Maximum Alert Level 1 | . 1 1 Low Security (%) 46 | 100 43 36 Level 1 53 | . 56 63 Level 2 . | . . . Level 3 . | . . . Level 4 . | . . . Level 5 . | . . . High Security . | . . . Max Security . | . . . Squads Dispatched 5 | . 5 . Investigation 3 | . 3 . Extermination . | . . . Reinforcement 2 | . 2 . Assault . | . . . Garrison . | . . . Intercept . | . . . Searches Triggered . | . . . Construction Impeded . | . . . Haulers Reinforced . | . . . Active Scanning Responses . | . . . Cargo Convoy Interrupts . | . . . Stealth | -11 -10 -10 --------- Run | Yrd Mat Min Distress Signals . | . . . Communications Jammed . | . . . Distress Signals . | . . . Times Spotted 53 | . 24 29 Peak Tracking Total 21 | . 5 21 Tactical Retreats 2 | . . 2 Traps | -11 -10 -10 ------- Run | Yrd Mat Min Traps Triggered 4 | . 4 . Indirectly . | . . . Trap Hack Attempts . | . . . Triggered . | . . . Disarmed . | . . . Reprogrammed . | . . . Reused . | . . . Traps Extracted . | . . . Installed . | . . . Triggered . | . . . Machines | -11 -10 -10 ---------- Run | Yrd Mat Min Machines Disabled . | . . . Max in Single Turn . | . . . Machines Repaired . | . . . Machines Dismantled . | . . . Machines Sabotaged . | . . . Overloaded Fab Kills . | . . . Hacking | -11 -10 -10 --------- Run | Yrd Mat Min Machines Accessed 8 | . 8 . Terminals 5 | . 5 . Fabricators . | . . . Repair Stations 1 | . 1 . Recycling Units 2 | . 2 . Scanalyzers . | . . . Garrison Access . | . . . Total Hacks 24 | . 24 . Successful 13 | . 13 . Failed 11 | . 11 . Catastrophic 1 | . 1 . Database Lockouts . | . . . Manual . | . . . Terminals 14 | . 14 . Fabricators . | . . . Repair Stations 5 | . 5 . Recycling Units 5 | . 5 . Scanalyzers . | . . . Garrison Access . | . . . Terminal Hacks 7 | . 7 . Robot Analysis 2 | . 2 . Prototype ID Bank 1 | . 1 . Branch Access Points 1 | . 1 . Hauler Manifests 1 | . 1 . Registered Components 1 | . 1 . Zone Layout 1 | . 1 . Fabricator Hacks . | . . . Repair Station Hacks 4 | . 4 . Scan Component 2 | . 2 . Repair 2 | . 2 . Recycling Unit Hacks 2 | . 2 . Report Inventory 1 | . 1 . Retrieve Components 1 | . 1 . Scanalyzer . | . . . Garrison Access Hacks . | . . . Unauthorized Hacks . | . . . Terminals . | . . . Fabricators . | . . . Repair Stations . | . . . Recycling Units . | . . . Scanalyzers . | . . . Garrison Access . | . . . Data Cores Recovered . | . . . Used . | . . . Hacking Detections 5 | . 5 . Full Trace Events 3 | . 3 . Feedback Events . | . . . Feedback Blocked . | . . . Robot Schematics Acquired . | . . . Robots Built . | . . . Authchips . | . . . Time . | . . . Total Robot Build Rating . | . . . Part Schematics Acquired . | . . . Parts Built . | . . . Authchips . | . . . Time . | . . . Total Part Build Rating . | . . . Parts Repaired 2 | . 2 . Time 52 | . 52 . Parts Recycled . | . . . Recycled Matter . | . . . Retrieved Matter . | . . . Retrieved Components 10 | . 10 . Parts Scanalyzed . | . . . Part Schematics Acquired . | . . . Parts Damaged . | . . . Bothacking | -11 -10 -10 ------------ Run | Yrd Mat Min Used RIF Installer . | . . . Robots Hacked . | . . . Non-combat . | . . . Combat . | . . . Robot Hacks Applied . | . . . Relay Couplers Released . | . . . Fabnet Peak Effective % . | . . . Robots Rewired . | . . . Allies Hacked . | . . . Hacks Repelled . | . . . Allies | -11 -10 -10 -------- Run | Yrd Mat Min Total Allies . | . . . Largest Group . | . . . Highest-Rated Group . | . . . Highest-Rated Ally . | . . . Total Orders . | . . . Ally Attacks . | . . . Total Damage . | . . . Kills . | . . . Allies Corrupted . | . . . Allies Melted . | . . . Intel | -11 -10 -10 ------- Run | Yrd Mat Min Robot Analysis Total 2 | . 2 . Derelict Logs Recovered . | . . . Drone Launches . | . . . Drone Recoveries . | . . . Exploration | -11 -10 -10 ------------- Run | Yrd Mat Min Turns Passed 1178 | 97 795 286 Spaces Moved 571 | 59 365 147 Core 20 | 20 . . Treads 551 | 39 365 147 Legs . | . . . Wheels . | . . . Hover . | . . . Flight . | . . . Fastest Speed 50 | 50 160 160 Average Speed 157 | 132 160 160 Slowest Speed 160 | 160 160 160 Overloaded Moves . | . . . Propulsion Burnouts . | . . . Robots Hopped . | . . . Cave-ins Triggered . | . . . Exploration Rate (%) 36 | 5 69 36 Regions Visited 2 Branch Regions 1 Pre-discovered Areas . | . . . Known Exits Taken 1 | . 1 . Unknown Exits Taken 1 | 1 . . Scrap Searched 1 | . . 1 Spaces Dug . | . . . Terrain Destroyed 19 | . . 19 Melee . | . . . Projectile . | . . . AOE 19 | . . 19 Terrain Rammed . | . . . Walls Destroyed . | . . . Machines Disabled . | . . . Actions | -11 -10 -10 --------- Run | Yrd Mat Min Total 727 | 70 486 171 Wait 52 | . 52 . Move 569 | 58 364 147 Hop . | . . . Pick Up 10 | 2 7 1 Fast Attach 12 | 7 4 1 Attach 4 | . 2 2 Detach 1 | . 1 . Swap 4 | 1 2 1 Drop 6 | . 1 5 Fire 65 | 2 49 14 Melee . | . . . Ram . | . . . Kick . | . . . Crush 4 | . 4 . Escape Stasis . | . . . Rewire . | . . . Trap . | . . . Miscellaneous . | . . . Route ------- -11/Scrapyard -10/Materials (discovered 2 exits: [*Mat] / *Min) -10/Mines (discovered 1 exit: [*Mat]) History --------- Turn | Location | Event 11 | -11/Scrapyard | Discovered new exit (range 16) 98 | -11/Scrapyard | Entered Materials 183 | -10/Materials | Identified exit to Mines 326 | -10/Materials | Build established: Mutant 627 | -10/Materials | Discovered new exit (range 5) 807 | -10/Materials | Repaired Lgt. Treads 834 | -10/Materials | Repaired Lgt. Treads 893 | -10/Materials | Entered Mines 957 | -10/Mines | Core integrity fell below 50% 974 | -10/Mines | Discovered new exit (range 13) 1097 | -10/Mines | A weapon hastily lodged in a ceiling crevice suddenly fell to the ground 1152 | -10/Mines | Assembled infested the area 1174 | -10/Mines | Core integrity fell below 20% 1179 | -10/Mines | Destroyed by D-53 Grenadier with Mini Grenade Launcher Last Messages --------------- 01170_ as-67399 destroyed. 01170_ as-51976 destroyed. 01170_ as-50266 destroyed. 01170_ as-21437 destroyed. 01170_ D-53 Grenadier knocked back. 01170_ as-34655 destroyed. 01170_ as-32265 destroyed. 01170_ as-53764 destroyed. 01173_ Grenade Launcher destroyed. 01173_ as-48379 destroyed. 01173_ as-67820 destroyed. 01173_ as-58669 destroyed. 01173_ as-29419 destroyed. 01173_ as-93396 destroyed. 01173_ as-71790 destroyed. 01173_ as-43360 destroyed. 01175_ as-40942 destroyed. 01175_ as-13041 destroyed. 01176_ The unstable cave ceiling collapses. 01177_ Ion Engine destroyed. Map ----- +----------------------------------------------------+ | | | | | | | | | | | ?????????????????????????????????????????????????? | | ????????????????###??????????????????????????????? | | ????????????????###??????????????????????????????? | | ???????????????? ??????????????????????????????? | | ????????????????? ???????????????????????????????? | | ????????????????? ??????###???? ???????????????? | | ??????????????? #???# ???? ??????????????? | | ???????????????## ##??? ???? ?????????????? | | ???????????????## ##??? ??## #????????????? | | ???????????????## ##??? ??## #????????????? | | ???????????????## ##???# ??# ?????????????? | | ???????????????## ##???# ??? ??????????????? | | ???????????????## ##??## ??# #??????????????? | | ???????????###### ##??? ??## ##??????????????? | | ???????????###### ##??? ??## #??????????????? | | ???????????## ##???? #### #??????????????? | | #####??????## ### ##??### ##?????????????? | | ##########?## ### ##### ###???????????? | | ########## ### #### ###???????????? | | ## ##### ### % ##???????????? | | ###### % d@ $ #???????? | | [ ########### # #????????????? | | ########??#### d #??????????????? | | ####??????????## #??????????????? | | ####????????????## ### #??????????????? | | #####?????????????? # ##??????????????? | | # #####??????????????"" """ # ##??????????????? | | ######????????????????"" """ # ##??????????????? | | #####????????????????""" """ ##??????????????? | | ###??????????????????? k ##??????????????? | | ##????????????????????" ??? #####??????????????? | | ###???????????????????" ??? #####??????????????? | | #######???????????????"k??? #??????????????????? | | ###########?????????? ??? #??????????????????? | | #######?????????????????#??????????????????? | | ! ##????????????????????????????????????? | | ### ##????????????????????????????????????? | | ### ##????????????????????????????????????? | | ### *##????????????????????????????????????? | | #### ### ##????????????????????????????????????? | | ?### ### ##????????????????????????????????????? | | ?### ## ##????????????????????????????????????? | | ?## ##????????????????????????????????????? | | ?## ### ##????????????????????????????????????? | | ?### #### ##????????????????????????????????????? | +----------------------------------------------------+ Best States ------------- Heat Dissipation 25 Energy Generation 10 Energy Capacity 250 Matter Stores 300 Matter Capacity 300 Sight Range 16 Terrain Scan Range 16 Terrain Scan Density 10 Evasion (%) 50 Targeting Accuracy 5 Recoil Reduction 2 Item Schematics ----------------- None Robot Schematics ------------------ None Fabricated ------------ Nothing Alien Tech Used ----------------- None Achievements -------------- Hunted Challenges ------------ None Game ------ Seed AntimissileLargeDetonator Manual? 0 Play Time 00:13:03 Cumulative 26.5 hours Start 2024.06.05 @ 00:10:47 End 2024.06.05 @ 00:24:28 Sessions 1 Manual Loads 0 Difficulty Rogue Special Mode None Game No. 44 Rogue 44 Adventurer 0 Explorer 0 Win Type - Total 0 Types 0/0/0/0/0/0/0/0/0 Lore% 22 Gallery% 26 Achievement% 18 Wizard Run 0 Options --------- Layout 1 ASCII 0 Keyboard 0 Movement Arrows Keybinds 0 Fullscreen 1 Font 16/Terminus Map View 50x40 Zoom Use 0% Tactical HUD 1 Map Filters NONE Filters NONE Steam SD RUN: 450dc1b1-3496-4e27-ba01-9c86b0a7704c